 Dungeon Crawl Stone Soup version 0.19.5 (webtiles) character file.

2723 Jerry the Grappler (level 9, -16/87 (88) HPs)
             Began as a Troll Monk on Apr 8, 2017.
             Demolished by a white ugly thing (32 damage)
             ... on level 6 of the Dungeon.
             The game lasted 00:14:50 (5074 turns).

Jerry the Grappler (Troll Monk)                     Turns: 5074, Time: 00:14:51

HP:   -16/87 (88)   AC:  5    Str: 23    XL:     9   Next: 40%
MP:   6/8           EV: 12    Int:  9    God:
Gold: 79            SH:  0    Dex: 12    Spells: 1 memorised, 7 levels left

rFire  . . .     SeeInvis .       - Unarmed
rCold  . . .     Gourm    +     a - +0 robe
rNeg   . . .     Faith    .     (no shield)
rPois  .         Spirit   .     (helmet restricted)
rElec  .         Reflect  .     (no cloak)
rCorr  .         Harm     .     (gloves unavailable)
MR     .....                    (boots unavailable)
Stlth  ++........               (no amulet)
                                (no ring)
                                m - +2 ring of strength

@: very slightly contaminated, drained
A: unfitting armour, claws 3, fast metabolism 3, gourmand, regeneration 1,
shaggy fur 1, tough skin 2
a: no special abilities


You were on level 6 of the Dungeon.
You were completely stuffed.

You visited 2 branches of the dungeon, and saw 7 of its levels.
You also visited: Ossuary.

You collected 331 gold pieces.
You spent 252 gold pieces at shops.

Inventory:

Armour
 a - a +0 robe (worn)
Jewellery
 m - a +2 ring of strength (left claw)
 A - an uncursed ring of positive energy {unknown}
Wands
 n - a wand of random effects (18/48)
 z - a wand of flame (19/48)
Scrolls
 c - 6 scrolls of remove curse
 g - 2 scrolls of teleportation
 o - a scroll of identify
 y - a scroll of magic mapping
Potions
 d - 6 potions of curing
 e - a potion of cancellation
 h - 4 potions of lignification {unknown}
 j - 2 potions of might
 k - a potion of haste {unknown}
 l - 4 potions of flight {unknown}
 p - 2 potions of degeneration {unknown}
 q - 3 potions of heal wounds
 r - 3 potions of brilliance
 s - 2 potions of ambrosia
 t - a potion of invisibility {unknown}
 v - a potion of resistance {unknown}
 w - 2 potions of agility
 x - a potion of mutation {unknown}
 C - 2 potions of berserk rage {unknown}
Books
 i - a book of Misfortune

   Spells                             Type                      Level
   a - Confusing Touch                Hexes                        1
   b - Confuse                        Hexes                        3
   c - Gell's Gravitas                Hexes/Translocation          3
   d - Petrify                        Transmutation/Earth          4
   e - Metabolic Englaciation         Hexes/Ice                    5
   f - Yara's Violent Unravelling     Hexes/Transmutation          5
Comestibles
 b - 7 bread rations
 f - 3 meat rations
 u - 2 beef jerkies
 B - 2 chunks of flesh
 D - a royal jelly


   Skills:
 + Level 5.5(5.2) Fighting
 + Level 5.2(4.9) Dodging
 + Level 3.6(3.4) Stealth
 * Level 8.8(8.5) Unarmed Combat
 + Level 0.0 Spellcasting
 + Level 0.0 Hexes


You had 7 spell levels left.
You knew the following spells:

 Your Spells              Type           Power        Failure   Level  Hunger
a - Confusing Touch       Hex            #.....       38%         1    ##.....


Dungeon Overview and Level Annotations

Branches:
Dungeon (6/15)             Temple (1/1) D:5

Altars:
Ashenzari
Cheibriados
Dithmenos
Elyvilon
Fedhas
Gozag
Kikubaaqudgha
Nemelex Xobeh
Okawaru
Qazlal
Sif Muna
Trog
Uskayaw
Vehumet
Xom
Yredelemnul
Zin

Shops:
D:6 !


Innate Abilities, Weirdness & Mutations

You are too large for most types of armour.
You have claws for hands.
Your metabolism is lightning-fast.
You like to eat raw meat.
Your natural rate of healing is unusually fast.
You are covered in fur. (AC +1)
You have very tough skin. (AC +2)


Message History

You scratch the white ugly thing but do no damage.
The white ugly thing appears confused.
Your claws stop glowing.
You claw the white ugly thing!
The white ugly thing is moderately wounded.
The white ugly thing barely misses you.
You mangle the white ugly thing!!
The white ugly thing is heavily wounded.
The white ugly thing seems less confused.
The white ugly thing bites you. The white ugly thing freezes you!!
* * * LOW HITPOINT WARNING * * *
You barely miss the white ugly thing.
The white ugly thing is heavily wounded.
The white ugly thing closely misses you.
You scratch the white ugly thing.
The white ugly thing is heavily wounded.
The white ugly thing bites you!
* * * LOW HITPOINT WARNING * * *
The white ugly thing freezes you!!
You die...

#.........#...#..
##..#..#########.
***** #..........#....
*,,,* ##.........#....
#,,,* #.#....#######.
#.,,* #.#........)...
#..,* #.#............
#...####.#.#######..##
#...u@.....#,,8,,#....
#...####.#.#,8_8.#....
#..,* #.#.#,.8..#....
#.,,* #.#.#≈≈.≈≈#.###
#,,,* #.#.#.≈.≈.#.#
***** #...#≈≈.≈≈#.#
##.#......###
#<.......# ##.#.....#


You could see a white ugly thing.

Vanquished Creatures
  Pikel (D:2)
  The ghost of schorsch312 the Basher, a novice MiFi of Okawaru (D:5)
  Sigmund (D:3)
  Menkaure (D:3)
  2 ogres (D:6)
  An ice beast (D:6)
  A phantom (D:4)
  A necrophage (D:5)
  2 centaurs (D:5)
  2 elf zombies (Ossuary)
  2 howler monkeys (D:5)
  A centaur zombie (Ossuary)
  3 crimson imps
  A human zombie (Ossuary)
  2 jellies (D:6)
  2 orc wizards (D:5)
  A hound (D:5)
  An iguana (D:5)
  Ijyb (D:2)
  Natasha (thrice) (D:3 D:6)
  4 worker ants
  2 mummies (Ossuary)
  Robin (D:2)
  9 adders
  4 gnolls
  A shadow imp (D:5)
  An ooze (D:1)
  4 adder skeletons
  3 adder zombies (Ossuary)
  3 worms
  2 dart slugs
  6 leopard geckos
  9 orcs
  19 goblins
  8 hobgoblins
  A quokka (D:3)
  6 bats
  A frilled lizard (D:2)
  2 goblin zombies (Ossuary)
  6 hobgoblin zombies (Ossuary)
  2 jackal zombies (Ossuary)
  3 kobolds
  13 kobold zombies (Ossuary)
  7 orc zombies (Ossuary)
  6 rats
153 creatures vanquished.

Vanquished Creatures (others)
  A slave (D:4)
  A rat zombie (D:4)
2 creatures vanquished.

Grand Total: 155 creatures vanquished

Notes
Turn   | Place    | Note
-------+----------+-------------------------------------------
     0 | D:1      | Jerry the Troll Monk began the quest for the Orb.
     0 | D:1      | Reached XP level 1. HP: 22/22 MP: 0/0
   269 | D:1      | Reached XP level 2. HP: 29/29 MP: 1/1
   816 | D:2      | Reached XP level 3. HP: 34/36 MP: 2/2
   821 | D:2      | Noticed Robin
   926 | D:2      | Killed Robin
  1011 | D:2      | Reached XP level 4. HP: 44/44 MP: 3/3
  1117 | D:2      | Reached skill level 4 in Unarmed Combat
  1153 | D:2      | Noticed Ijyb
  1164 | D:2      | Killed Ijyb
  1536 | D:3      | Noticed Natasha
  1544 | D:3      | Killed Natasha
  1544 | D:3      | Reached XP level 5. HP: 26/53 MP: 4/4
  1820 | D:3      | Noticed Sigmund
  1983 | D:3      | Killed Sigmund
  1983 | D:3      | Reached skill level 5 in Unarmed Combat
  1983 | D:3      | Reached XP level 6. HP: 39/61 MP: 5/5
  2058 | D:3      | Found a basalt altar of Yredelemnul.
  2059 | D:3      | Found a shimmering altar of Xom.
  2061 | D:3      | Found a white marble altar of Elyvilon.
  2062 | D:3      | Found an ancient bone altar of Kikubaaqudgha.
  2062 | D:3      | Found a radiant altar of Vehumet.
  2063 | D:3      | Found a snail-covered altar of Cheibriados.
  2281 | D:4      | Noticed Menkaure
  2382 | D:4      | Noticed Pikel
  2382 | D:4      | Noticed a slave
  2384 | D:4      | Noticed a slave
  2471 | D:4      | Noticed a slave
  2622 | D:2      | Killed Pikel
  2622 | D:2      | Reached skill level 6 in Unarmed Combat
  2622 | D:2      | Reached XP level 7. HP: 49/70 MP: 6/6
  2683 | D:3      | Killed Menkaure
  2808 | D:4      | Reached XP level 8. HP: 78/78 MP: 7/7
  2901 | D:4      | Found a sand-covered staircase.
  2908 | D:4      | Found a shattered altar of Ashenzari.
  2910 | Ossuary  | Entered an ossuary
  3112 | Ossuary  | Reached skill level 7 in Unarmed Combat
  3509 | D:5      | Entered Level 5 of the Dungeon
  3582 | D:5      | Found a staircase to the Ecumenical Temple.
  3765 | Temple   | Entered the Ecumenical Temple
  3916 | D:5      | Noticed schorsch312's ghost (novice MiFi)
  3938 | D:5      | Killed schorsch312's ghost
  3938 | D:5      | Reached skill level 5 in Fighting
  3938 | D:5      | Reached skill level 8 in Unarmed Combat
  3938 | D:5      | Reached XP level 9. HP: 53/88 MP: 8/8
  4200 | D:5      | Reached skill level 5 in Dodging
  4629 | D:6      | Noticed Natasha
  4631 | D:6      | Killed Natasha
  4723 | D:6      | Found an iron altar of Okawaru.
  4807 | D:6      | Noticed Natasha
  4823 | D:6      | Killed Natasha
  4866 | D:6      | Found Bumiuttioso's Distillery.
  4880 | D:6      | Bought a potion of heal wounds for 60 gold pieces
  4880 | D:6      | Bought a potion of might for 48 gold pieces
  4880 | D:6      | Bought a potion of brilliance for 48 gold pieces
  4880 | D:6      | Bought a potion of ambrosia for 96 gold pieces
  4900 | D:6      | Learned a level 1 spell: Confusing Touch
  5064 | D:6      | Noticed a white ugly thing
  5074 | D:6      | Demolished by a white ugly thing

Skill      XL: |  1  2  3  4  5  6  7  8  9 |
---------------+----------------------------+-----
Unarmed Combat | 4 5 6 8 |  8.8
Fighting       | 3 4 5 |  5.5
Dodging        | 3 4 5 |  5.2
Stealth        | 2 3 |  3.6

Action                   |  1- 3 |  4- 6 |  7- 9 || total
-------------------------+-------+-------+-------++-------
Melee: Unarmed           |    85 |   133 |   217 ||   435
       Punch             |     1 |     1 |     6 ||     8
 Cast: Confusing Touch   |       |       |     1 ||     1
Evoke: Wand              |       |       |     6 ||     6
  Use: Scroll            |       |       |     9 ||     9
 Stab: Sleeping          |     3 |     3 |     3 ||     9
  Eat: Chunk             |    15 |    13 |    24 ||    52
Armor: Robe              |    24 |    20 |    34 ||    78
Dodge: Dodged            |    33 |    57 |    79 ||   169
